 Dungeon Crawl Stone Soup version 0.30-b1-2-g02819fbbbe (webtiles) character file.

Game seed: 2211953563095644762

17 Mesmaeker13 the Vexing (level 2, -1/22 HPs)
             Began as a Barachi Hexslinger on May 7, 2023.
             Slain by a jackal (3 damage)
             ... on level 1 of the Dungeon.
             The game lasted 00:00:40 (225 turns).

Mesmaeker13 the Vexing (Barachi Hexslinger)          Turns: 225, Time: 00:00:41

Health: -1/22      AC:  2    Str: 11    XL:     2   Next: 62%
Magic:  3/3        EV: 12    Int: 13    God:
Gold:   0          SH:  0    Dex: 12    Spells: 2/3 levels left

rFire   . . .        a - +1 sling
rCold   . . .        (no shield)
rNeg    . . .        c - +0 robe
rPois   .            (no helmet)
rElec   .            (no cloak)
rCorr   .            (no gloves)
SInv    .            (no boots)
Will    .....        (no amulet)
Stlth   +            (no ring)
HPRegen 0.23/turn    (no ring)
MPRegen 0.08/turn

%: no passive effects
@: slow
A: amphibious, slowness 1, strong legs 1, +LOS
a: Hop


You were on level 1 of the Dungeon.
You visited 1 branch of the dungeon, and saw 1 of its levels.

Inventory:

Hand Weapons
 a - a +1 sling (weapon)
Armour
 c - a +0 robe (worn)
Scrolls
 b - a scroll of poison
Potions
 d - a potion of curing {unknown}
 e - a potion of degeneration {unknown}


   Skills:
 + Level 2.0 Fighting
 + Level 2.4 Ranged Weapons
 - Level 2.1 Dodging
 - Level 1.1 Spellcasting
 + Level 3.6 Hexes


You had 2 spell levels left.
You knew the following spells:

 Your Spells              Type           Power      Damage    Failure   Level
a - Slow                  Hex            40%        N/A       6%          1

Your spell library contained the following spells:

 Spells                   Type           Power      Damage    Failure   Level
 Inner Flame              Hex/Fire       5%         N/A       36%         3
 Portal Projectile        Hex/Tloc       10%        N/A       36%         3
 Cause Fear               Hex            5%         N/A       54%         4


Dungeon Overview and Level Annotations

Branches:
Dungeon (1/15)

Altars:


Innate Abilities, Weirdness & Mutations

You are amphibious.
You cover ground slowly.
You can hop short distances.
You have an extended range of vision and can be seen from far away.


Message History

You shoot a sling bullet. The sling bullet hits the jackal!
You kill the jackal!
The ball python bites you but does no damage.
The ball python grabs you. The ball python constricts you.
There are monsters nearby!
There are monsters nearby!
You shoot a sling bullet. The sling bullet hits the ball python.
The ball python is heavily wounded.
The ball python barely misses you. The ball python constricts you.
The jackal bites you but does no damage.
The ball python bites you. The ball python constricts you.
You shoot a sling bullet.
The sling bullet barely misses the ball python.
The ball python barely misses you. The ball python constricts you.
The jackal bites you.
You are too injured to fight recklessly!
You are too injured to fight recklessly!
Unknown command.
You are too injured to fight recklessly!
You escape the ball python's grasp.
The jackal barely misses you. The jackal bites you.
The jackal attacks as you move away! The jackal completely misses you.
The jackal misses you.
The ball python attacks as you move away!
The ball python bites you but does no damage.
The jackal barely misses you. The jackal closely misses you.
The jackal bites you but does no damage.
The jackal barely misses you. The jackal attacks as you move away!
The jackal bites you. x2
* * * LOW HITPOINT WARNING * * *
The jackal attacks as you move away! The jackal closely misses you.
The jackal attacks as you move away! The jackal bites you.
* * * LOW HITPOINT WARNING * * *
The jackal misses you. The jackal attacks as you move away!
The jackal completely misses you. The jackal bites you.
* * * LOW HITPOINT WARNING * * *
The jackal closely misses you. The jackal attacks as you move away!
The jackal bites you.
You die...

. ......###†#
#................ #######
#.....###................
8#÷#8#÷
####..........>##.#######
.#+#.#+
#................## #
.......
+.##.###..........######
....... +.
#.###..#.............
.#+#.#+ #.
#..........##..######
8#÷#8#÷
#..#.###..#.#.##..# #
#######
##..#.hh@..........# # #
#....Sh##..#.#.###.# # ..
#...#..##..#.#.# #.#
#.#.. #..##..#.#.# #.# #
.). #..##..#.#.# #.#
...#.. #..##..#.#.# #.#
.?.....#..##..#.#.# ...
##................# ..
###.#.#†.###......


You could see 3 jackals and a ball python.

Vanquished Creatures
  2 ball pythons (D:1)
  3 bats (D:1)
  A giant cockroach (D:1)
  2 goblins (D:1)
  A hobgoblin (D:1)
  A jackal (D:1)
  2 quokkas (D:1)
  A rat (D:1)
13 creatures vanquished.

Notes
Turn   | Place    | Note
-------+----------+-------------------------------------------
     0 | D:1      | Mesmaeker13 the Barachi Hexslinger began the quest for the
                  | Orb.
     0 | D:1      | Reached XP level 1. HP: 15/15 MP: 2/2
   103 | D:1      | Reached XP level 2. HP: 22/22 MP: 3/3
   223 | D:1      | HP: 1/22 [jackal (2)]
   225 | D:1      | Slain by a jackal

Illustrated notes

Levels and vault maps discovered:
D:1:      wander_arrival_abandoned_jail, layout_basic

Skill      XL: |  1  2 |
---------------+-------+-----
Fighting       | 2 |  2.0
Ranged Weapons | |  2.4
Dodging        | |  2.1
Spellcasting   | |  1.1
Hexes          | |  3.6

Action                     || total
---------------------------++-------
   Fire: Sling             ||    36
 Armour: Robe              ||    10
  Dodge: Dodged            ||    22
